 Dungeon Crawl Stone Soup version 0.31-a0-233-g139696dc86 (webtiles) character file.

Game seed: 6135879853559096487

131714 reriks the Arsonist (level 17, -8/80 HPs)
             Began as a Gargoyle Earth Elementalist on July 8, 2023.
             Was the Champion of Okawaru.
             Blown up by a sun moth (36 damage)
             ... with a bolt of energy
             ... on level 2 of the Spider Nest.
             The game lasted 02:01:35 (61201 turns).

reriks the Arsonist (Gargoyle Earth Elementalist)  Turns: 61201, Time: 02:01:36

Health: -8/80      AC: 34    Str: 16      XL:     17   Next: 10%
Magic:  4/32       EV: 15    Int: 28 (31) God:    Okawaru [******]
Gold:   1323       SH:  0    Dex: 11 (13) Spells: 11/38 levels left

rFire   + . .        B - +7 executioner's axe "Bijepp" {holy, rPois Int+4 Dex+3}
rCold   . . .        (shield currently unavailable)
rNeg    + . .        z - +3 leather armour {Will+}
rPois   ∞            r - +2 helmet
rElec   +            v - +0 cloak "Veolueh" {rF+}
rCorr   .            e - +2 pair of gloves
SInv    +            Z - +0 pair of boots
Will    ++...        Q - amulet of regeneration
Stlth   +            d - ring "Vunuzeur" {AC+4 Str+4 Int+3 Stlth-}
HPRegen 1.13/turn    U - ring of see invisible
MPRegen 0.23/turn

%: no passive effects
@: on fire, flying, glowing, studying Unarmed Combat
A: sickness immunity, AC +12, big wings, negative energy resistance 1,
electricity resistance, torment resistance 1, petrification resistance
a: Renounce Religion, Heroism, Finesse, Duel


You were on level 2 of the Spider Nest.
You worshipped Okawaru.
Okawaru was exalted by your worship.
You visited 4 branches of the dungeon, and saw 24 of its levels.

You collected 2229 gold pieces.
You spent 906 gold pieces at shops.

Inventory:

Hand Weapons
 m - a +0 scimitar of flaming
 B - the +7 executioner's axe "Bijepp" (weapon) {holy, rPois Int+4 Dex+3}
   (Okawaru gifted it to you on level 3 of the Lair of Beasts)

   Int:       It affects your intelligence (+4).
   Dex:       It affects your dexterity (+3).
   rPois:     It protects you from poison.
 O - the +11 hand crossbow "Death Rattle" {flame, rPois Int+2}
   (Okawaru gifted it to you on level 1 of the Lair of Beasts)

   Int:       It affects your intelligence (+2).
   rPois:     It protects you from poison.
Armour
 e - a +2 pair of gloves (worn)
 p - a +3 scale mail of cold resistance
 r - a +2 helmet (worn)
 v - the +0 cloak "Veolueh" (worn) {rF+}
   (Okawaru gifted it to you on level 14 of the Dungeon)

   rF:        It protects you from fire.
 z - a +3 leather armour of willpower (worn)
 X - the +2 buckler "Pedeysm" {Stlth+}
   (You found it on level 12 of the Dungeon)

   Stlth:     It makes you more stealthy.
 Z - a +0 pair of boots (worn)
Magical Staves
 s - a staff of fire
 T - a staff of earth
Jewellery
 d - the ring "Vunuzeur" (left hand) {AC+4 Str+4 Int+3 Stlth-}
   (You acquired it on level 4 of the Dungeon)

   [ring of protection]

   AC:        It affects your AC (+4).
   Str:       It affects your strength (+4).
   Int:       It affects your intelligence (+3).
   Stlth:     It makes you less stealthy.
 w - a ring of resist corrosion
 G - a +6 ring of intelligence
 H - a +5 ring of evasion
 Q - an amulet of regeneration (around neck)
 U - a ring of see invisible (right hand)
Wands
 g - a wand of digging (1)
Scrolls
 i - 2 scrolls of blinking
 l - 4 scrolls of brand weapon
 n - a scroll of enchant weapon
 o - a scroll of identify
 u - 15 scrolls of teleportation
 F - 2 scrolls of poison
 I - a scroll of fear
 M - 3 scrolls of silence
 N - 3 scrolls of fog
 R - 4 scrolls of revelation
 S - a scroll of enchant armour
Potions
 a - 3 potions of cancellation
 b - 3 potions of magic
 c - a potion of resistance {unknown}
 f - 2 potions of berserk rage
 h - 8 potions of curing
 j - a potion of invisibility
 k - 3 potions of haste
 q - 2 potions of ambrosia
 t - 3 potions of mutation
 C - 3 potions of brilliance
 P - 6 potions of heal wounds
 V - 2 potions of enlightenment
 W - 2 potions of might
 Y - a potion of experience {unknown}


   Skills:
 + Level 11.9 Armour
 + Level 10.3 Dodging
 - Level 3.9 Stealth
 + Level 11.1 Spellcasting
 + Level 12.7 Conjurations
 - Level 4.4 Translocations
 - Level 1.0 Transmutations
 * Level 14.0 Fire Magic
 * Level 9.4 Air Magic
 - Level 8.0 Earth Magic
 - Level 6.6 Invocations


You had 11 spell levels left.
You knew the following spells:

 Your Spells              Type           Power      Damage    Failure   Level
a - Sandblast             Erth           100%       2d20      1%          1
b - Magic Dart            Conj           100%       1d8       1%          1
c - Passwall              Tmut/Erth      34%        N/A       1%          2
d - Stone Arrow           Conj/Erth      100%       3d13      1%          3
e - Momentum Strike       Conj/Tloc      100%       3d10      1%          2
f - Blink                 Tloc           80%        N/A       1%          2
g - Sticky Flame          Conj/Fire      74%        2d9       1%          4
h - Scorch                Fire           100%       2d9       1%          2
i - Flame Wave            Conj/Fire      74%        2d16      1%          4
j - Plasma Beam           Fire/Air       34%        2x1d47    4%          6

Your spell library contained the following spells:

 Spells                   Type           Power      Damage    Failure   Level
 Lesser Beckoning         Tloc           80%        N/A       1%          2
 Searing Ray              Conj           100%       2d8       1%          2
 Ignite Poison            Fire/Tmut/Pois 43%        N/A       1%          3
 Mephitic Cloud           Conj/Pois/Air  54%        N/A       1%          3
 Vhi's Electric Charge    Tloc/Air       100%       N/A       1%          3
 Arcjolt                  Conj/Air       33%        1d43      1%          5
 Beastly Appendage        Tmut           42%        N/A       2%          1
 Fulminant Prism          Conj/Hex       25%        3d14      3%          4
 Wereblood                Tmut           21%        N/A       4%          2
 Manifold Assault         Tloc           40%        N/A       6%          4
 Passage of Golubria      Tloc           40%        N/A       6%          4
 Petrify                  Tmut/Erth      41%        N/A       6%          4
 Spider Form              Tmut/Pois      18%        N/A       10%         3
 Ignition                 Fire           38%        3d11      63%         8
 Yara's Violent Unravell  Hex/Tmut       9%         3d6       67%         5
 Dispersal                Tloc           20%        N/A       69%         6
 Disjunction              Tloc           20%        N/A       100%        8
 Call Imp                 Summ           Unusable   N/A       N/A         2
 Tukima's Dance           Hex            Unusable   N/A       N/A         3
 Summon Cactus Giant      Summ           Unusable   N/A       N/A         6

Dungeon Overview and Level Annotations

Branches:
Dungeon (14/15)            Temple (0/1) D:6            Lair (5/5) D:9
 Shoals (0/4) Lair:2       Spider (3/4) Lair:3        Slime (0/5) Lair:5
    Orc (2/2) D:10            Elf (0/3) Orc:2        Vaults (0/5) D:14

Altars:
Elyvilon
Fedhas
Kikubaaqudgha
Makhleb
Nemelex Xobeh
Okawaru
Ru
Uskayaw
Yredelemnul
The Shining One

Shops:
D:5 (   D:6 *   Orc:2 **!!**(

Annotations:
D:2 1 runed translucent door, Crazy Yiuf
D:3 Grinder, Natasha
D:4 exclusion: upstairs
D:6 2 transporters, Brisketman's ghost, novice MfGl
Lair:4 exclusion: downstairs
Lair:5 exclusion: oklob plant


Innate Abilities, Weirdness & Mutations

You are immune to sickness and miasma.
Your stone body is resilient. (AC +12)
You are immune to poison.
Your large and strong wings let you fly.
You resist negative energy. (rN+)
You are resistant to electric shocks. (rElec)
You are resistant to unholy torment.
You are immune to petrification.


Message History

The sun moth is heavily wounded.
The sun moth bites you!
Casting: Plasma Beam (dangerous; 4% risk of failure)
Confirm with . or Enter, or press ? or * to list all spells.
You don't have enough magic to cast this spell.
Casting: Plasma Beam (dangerous; 4% risk of failure)
Confirm with . or Enter, or press ? or * to list all spells.
Aiming: Magic Dart (safe; 1% risk of failure)
Press: ? - help, Shift-Dir - straight line, f - sun moth
Aim: a sun moth (heavily wounded, haloed, 100% to hit)
The magic dart hits the sun moth but does no damage.
The sun moth is heavily wounded.
The sun moth bites you but does no damage.
You closely miss the sun moth.
The sun moth is heavily wounded.
The sun moth bites you.
You are covered in liquid flames.
You are covered in liquid flames!
The sun moth throws sticky fire at you.
The sticky flame hits you but does no damage.
You are covered in liquid flames!
You miss the sun moth.
The sun moth is heavily wounded.
You are covered in liquid flames!
The sun moth bites you!
You are covered in liquid flames.
You are covered in liquid flames!
The sun moth bites you but does no damage.
The sun moth throws energy at you. The bolt of energy misses you.
You completely miss the sun moth.
The sun moth is heavily wounded.
You are covered in liquid flames!
The sun moth bites you but does no damage. x2
Your magical contamination has completely faded away.
You closely miss the sun moth.
The sun moth is heavily wounded.
You are covered in liquid flames!
The sun moth closely misses you. The sun moth throws energy at you.
The bolt of energy hits you!!!
You die...

###....#...#....# ##....
####.##...#.<.#...## ##.^.
#...(.#...#...#...# ##^^.
####.........#...#...#######^^.∩
##.##.....^..........>##..##...).
....#....^............##..^^.÷...
(...########....[.....##......^..
....#......####.......##÷..÷.....
....#^........#y@†...^##.^.÷.....
....##........#####...###)^####.÷
#....##......####.....#########..
.............#..#......######....
................#.......##.^.....
##..............####....##......#
#.....^..^##^.....#......#....###
....#######^......#...^.<#...##..
#..##.....#.......##.........#...


You could see a sun moth.

Vanquished Creatures
  Arachne (Spider:1)
  Jorgrun (Orc:1)
  Rupert (D:13)
  Agnes (Spider:2)
  Frances (D:12)
  An emperor scorpion (Spider:1)
  A ghost moth (Spider:2)
  2 broodmothers
  Josephine (D:10)
  5 hydras
  A radroach (Spider:2)
  3 ogre magi
  17 two-headed ogres
  6 boulder beetles
  8 centaur warriors
  4 death yaks (Lair:3)
  3 demonic crawlers
  Nergalle (D:10)
  2 skysharks
  4 pharaoh ants
  2 goliath frogs (Lair:5)
  2 deep trolls (Orc:2)
  4 orb spiders
  A deep elf archer (D:14)
  2 steelbarb worms (Spider:1)
  A lindwurm (Lair:4)
  Pikel (D:8)
  5 orc knights
  2 deep elf zephyrmancers (D:14)
  2 oklob plants (Lair:3)
  An orc sorcerer (Orc:1)
  15 wolf spiders
  5 manticores
  4 cyclopes
  3 ugly things (D:14)
  2 moths of wrath (Spider:2)
  8 elephants
  A guardian serpent (shapeshifter) (D:13)
  2 centaur zombies (D:8)
  3 gargoyles
  16 komodo dragons
  2 centaur skeletons (D:8)
  Maggie (D:9)
  2 torpor snails
  2 efreet
  An unseen horror (D:11)
  16 cane toads
  3 rime drakes
  3 hellwings
  14 trolls
  5 polar bears
  3 tyrant leeches
  2 hornets
  19 tarantellas
  Prince Ribbit (D:7)
  A meliai zombie (D:8)
  7 dream sheep (Lair:3)
  25 blink frogs
  20 jumping spiders
  13 slime creatures
  A shadow (D:13)
  5 wraiths
  A water elemental (D:12)
  15 culicivoras
  5 wyverns
  43 yaks
  3 basilisks
  3 chaos spawn (D:10)
  A steam dragon (D:7)
  24 vampire mosquitoes
  22 redbacks
  4 wargs
  2 acid dragons (D:11)
  Duvessa (D:7)
  22 water moccasins
  A hornet zombie (D:8)
  23 orc warriors
  3 sky beasts
  A boggart (D:14)
  4 black bears
  18 centaurs
  27 ogres
  9 wolves
  3 lemures (D:8)
  6 kobold brigands
  A gnoll sergeant (D:7)
  2 scorpions
  22 bullfrogs
  3 wights (D:9)
  Dowan (D:6)
  A killer bee (D:9)
  2 electric eels (Lair:3)
  A quasit (D:10)
  8 orc priests
  2 hounds
  7 jellies
  An iguana (D:7)
  Natasha (D:3)
  28 orc wizards
  A sleepcap (D:6)
  7 hell rats
  12 gnolls
  9 adders
  5 shadow imps
  2 white imps
  A worm (D:3)
  A dart slug (D:1)
  57 orcs
  7 endoplasms
  4 giant cockroaches
  4 goblins
  9 hobgoblins
  5 jackals (D:4)
  19 kobolds
  4 quokkas
  6 ball pythons
  6 bats
  3 frilled lizards
  2 rats
  A butterfly (Lair:3)
778 creatures vanquished.

Notes
Turn   | Place    | Note
-------+----------+-------------------------------------------
     0 | D:1      | reriks the Gargoyle Earth Elementalist began the quest for
                  | the Orb.
     0 | D:1      | Reached XP level 1. HP: 10/10 MP: 3/3
    39 | D:1      | Found a faded altar of an unknown god.
    97 | D:1      | Prayed at the altar of an unknown god.
    97 | D:1      | Became a worshipper of Warmaster Okawaru
    97 | D:1      | Reached * piety under Okawaru
   221 | D:1      | Reached skill level 1 in Transmutations
   221 | D:1      | Reached XP level 2. HP: 15/15 MP: 0/5
   278 | D:1      | Learned a level 1 spell: Magic Dart
  1193 | D:1      | Reached XP level 3. HP: 19/19 MP: 1/6
  1614 | D:2      | Learned a level 2 spell: Passwall
  1913 | D:2      | Found a runed translucent door.
  1914 | D:2      | Noticed Crazy Yiuf
  1999 | D:2      | Reached skill level 1 in Conjurations
  2660 | D:3      | Noticed Grinder
  2767 | D:3      | Noticed Natasha
  2774 | D:3      | Killed Natasha
  2775 | D:3      | Reached XP level 4. HP: 24/24 MP: 2/7
  3363 | D:3      | Noticed Natasha
  3617 | D:4      | Reached XP level 5. HP: 28/28 MP: 1/9
  4121 | D:4      | Learned a level 3 spell: Stone Arrow
  4171 | D:5      | Entered Level 5 of the Dungeon
  4616 | D:5      | Noticed an orc warrior
  4761 | D:3      | Reached XP level 6. HP: 32/32 MP: 7/10
  5033 | D:4      | Learned a level 2 spell: Momentum Strike
  5036 | D:4      | Learned a level 2 spell: Blink
  5117 | D:4      | Identified a scroll of acquirement
  5117 | D:4      | Acquired the ring "Vunuzeur" {AC+4 Str+4 Int+3 Stlth-}
  5315 | D:5      | Found a white marble altar of Elyvilon.
  5859 | D:5      | Reached skill level 5 in Earth Magic
  5918 | D:5      | Found Onirir's Weapon Shop.
  5931 | D:5      | Found a basalt altar of Yredelemnul.
  5936 | D:5      | Found a sparkling altar of Nemelex Xobeh.
  5936 | D:5      | Found a hide-covered altar of Uskayaw.
  5968 | D:5      | Identified the +5 dagger of Subjectivity {heavy, rPois rN+
                  | Dex-3}
  6088 | D:5      | Found an ancient bone altar of Kikubaaqudgha.
  6293 | D:6      | Reached ** piety under Okawaru
  6294 | D:6      | Reached skill level 1 in Armour
  6302 | D:6      | Reached XP level 7. HP: 33/36 MP: 1/12
  6400 | D:6      | Reached skill level 1 in Translocations
  6420 | D:6      | Noticed a wyvern
  6431 | D:6      | Killed a wyvern
  6603 | D:6      | Reached XP level 8. HP: 41/41 MP: 8/13
  6638 | D:6      | Found a transporter.
  6676 | D:6      | Found a staircase to the Ecumenical Temple.
  6813 | D:6      | Noticed Brisketman's ghost (novice MfGl)
  7269 | D:6      | Found Kaaqoox's General Store.
  7303 | D:6      | Found a transporter.
  7702 | D:7      | Noticed Duvessa
  7703 | D:7      | Noticed Dowan
  7710 | D:7      | Killed Duvessa
  7819 | D:6      | Killed Dowan
  7903 | D:7      | Found a glowing golden altar of the Shining One.
  7921 | D:7      | Noticed Prince Ribbit
  7928 | D:7      | Killed Prince Ribbit
  7928 | D:7      | Reached *** piety under Okawaru
  8206 | D:7      | Reached XP level 9. HP: 45/45 MP: 9/16
  8436 | D:7      | Found a sacrificial altar of Ru.
  8461 | D:7      | Found an iron altar of Okawaru.
  8549 | D:7      | Reached skill level 5 in Conjurations
  8789 | D:8      | Reached skill level 5 in Spellcasting
  9371 | D:7      | Reached **** piety under Okawaru
  9961 | D:8      | Noticed a hellwing
 10158 | D:8      | Noticed a hellwing
 10167 | D:8      | Killed a hellwing
 10273 | D:8      | Reached skill level 5 in Armour
 10324 | D:8      | Found a burning altar of Makhleb.
 10477 | D:8      | Reached skill level 5 in Dodging
 10477 | D:8      | Reached XP level 10. HP: 49/50 MP: 1/18
 10627 | D:8      | Reached ***** piety under Okawaru
 11210 | D:8      | Noticed Pikel
 11244 | D:8      | Reached skill level 1 in Fire Magic
 11430 | D:6      | Bought a +6 ring of intelligence for 396 gold pieces
 11437 | D:6      | Learned a level 4 spell: Sticky Flame
 11854 | D:8      | Killed Pikel
 12417 | D:9      | Reached skill level 2 in Fire Magic
 12475 | D:9      | Reached skill level 1 in Invocations
 12480 | D:9      | Identified the +0 kite shield of Geumn {rC- rN+ Dex+5
                  | Stlth+} (Okawaru gifted it to you on level 9 of the
                  | Dungeon)
 12480 | D:9      | Received a gift from Okawaru
 12945 | D:9      | Learned a level 2 spell: Scorch
 13130 | D:9      | Noticed Maggie
 13136 | D:9      | Killed Maggie
 13137 | D:9      | Reached skill level 3 in Fire Magic
 13593 | D:9      | Reached XP level 11. HP: 54/54 MP: 14/20
 13630 | D:9      | Found a staircase to the Lair.
 14191 | D:9      | Noticed a two-headed ogre
 14347 | D:9      | Killed a two-headed ogre
 14348 | D:9      | Reached skill level 4 in Fire Magic
 15705 | D:10     | Entered Level 10 of the Dungeon
 15958 | D:10     | Noticed a two-headed ogre
 15966 | D:10     | Killed a two-headed ogre
 16507 | D:10     | Noticed Josephine
 16566 | Lair:1   | Entered Level 1 of the Lair of Beasts
 16607 | Lair:1   | Reached skill level 5 in Fire Magic
 17247 | Lair:1   | Noticed a boulder beetle
 17255 | Lair:1   | Killed a boulder beetle
 17255 | Lair:1   | Reached ****** piety under Okawaru
 17596 | Lair:1   | Reached skill level 6 in Fire Magic
 17738 | Lair:1   | Reached XP level 12. HP: 59/59 MP: 16/23
 17780 | Lair:1   | Learned a level 4 spell: Flame Wave
 18273 | Lair:1   | Identified the +3 kite shield "Inog" {-Tele Rampage rPois
                  | Will+}
 18758 | Lair:1   | Identified the +11 hand crossbow "Death Rattle" {flame,
                  | rPois Int+2} (Okawaru gifted it to you on level 1 of the
                  | Lair of Beasts)
 18758 | Lair:1   | Received a gift from Okawaru
 19004 | Lair:1   | Reached skill level 5 in Invocations
 19710 | Lair:1   | Reached skill level 7 in Fire Magic
 20061 | Lair:2   | Found a staircase to the Shoals.
 20250 | Lair:1   | Received a gift from Okawaru
 21976 | Lair:2   | Reached skill level 8 in Fire Magic
 22353 | Lair:3   | Noticed a death yak
 22353 | Lair:3   | Noticed a death yak
 22353 | Lair:3   | Noticed a death yak
 22353 | Lair:3   | Noticed a death yak
 23218 | D:10     | Received a gift from Okawaru
 23480 | D:10     | Reached XP level 13. HP: 63/63 MP: 15/25
 23688 | D:10     | Found a staircase to the Orcish Mines.
 23697 | D:10     | Noticed Nergalle
 23903 | D:10     | Killed Nergalle
 24436 | D:10     | Killed Josephine
 24853 | D:10     | Learned a level 6 spell: Plasma Beam
 24881 | Orc:1    | Entered Level 1 of the Orcish Mines
 26448 | Orc:2    | Entered Level 2 of the Orcish Mines
 26925 | Orc:1    | Noticed Jorgrun
 26993 | Orc:2    | Reached skill level 1 in Air Magic
 27257 | D:11     | Reached skill level 9 in Fire Magic
 29175 | D:11     | Received a gift from Okawaru
 29176 | D:11     | Reached skill level 10 in Conjurations
 30077 | Lair:3   | Received a gift from Okawaru
 30967 | Lair:3   | Found a hole to the Spider Nest.
 31483 | Lair:3   | Reached skill level 10 in Armour
 31715 | Lair:3   | Gained mutation: Your large and strong wings let you fly.
                  | [Gargoyle growth]
 31715 | Lair:3   | Reached XP level 14. HP: 68/68 MP: 8/27
 31905 | Lair:3   | Reached skill level 10 in Fire Magic
 32215 | Lair:3   | Found a blossoming altar of Fedhas.
 35529 | Lair:5   | Entered Level 5 of the Lair of Beasts
 35828 | Lair:3   | Identified the +7 executioner's axe "Bijepp" {holy, rPois
                  | Int+4 Dex+3} (Okawaru gifted it to you on level 3 of the
                  | Lair of Beasts)
 35828 | Lair:3   | Received a gift from Okawaru
 37156 | Lair:4   | Reached skill level 5 in Air Magic
 37936 | Lair:5   | Reached skill level 11 in Fire Magic
 40064 | Lair:5   | Found a staircase to the Slime Pits.
 40633 | D:12     | Received a gift from Okawaru
 41063 | D:12     | Identified the +2 buckler "Pedeysm" {Stlth+}
 41292 | D:12     | Reached XP level 15. HP: 72/72 MP: 15/28
 41741 | D:12     | Noticed Frances
 41762 | D:12     | Killed Frances
 42933 | D:13     | Received a gift from Okawaru
 43466 | D:13     | Reached skill level 10 in Spellcasting
 44407 | D:13     | Noticed Rupert
 44415 | D:13     | Killed Rupert
 44416 | D:13     | Reached skill level 12 in Fire Magic
 45834 | D:14     | Identified the +0 cloak "Veolueh" {rF+} (Okawaru gifted it
                  | to you on level 14 of the Dungeon)
 45834 | D:14     | Received a gift from Okawaru
 46708 | D:14     | Found a gate to the Vaults.
 48002 | Orc:1    | Killed Jorgrun
 48353 | Orc:2    | Found a staircase to the Elven Halls.
 49886 | Orc:2    | Found Wigux's General Store.
 49920 | Orc:2    | Found Elloleto's Specific Store.
 49928 | Orc:2    | Bought a potion of magic for 112 gold pieces
 49928 | Orc:2    | Bought a scroll of identify for 28 gold pieces
 50753 | Orc:2    | Reached XP level 16. HP: 76/76 MP: 19/30
 52218 | Orc:2    | Paralysed by something for 3 turns
 52222 | Orc:2    | Reached skill level 13 in Fire Magic
 52622 | Orc:2    | Found Jigeofah's Weapon Shoppe.
 52769 | Orc:2    | Found Enagin's Assorted Antiques.
 52770 | Orc:2    | Found Zias's Distillery.
 53004 | Orc:2    | Found Muhaej's General Store.
 53006 | Orc:2    | Bought a scroll of revelation for 210 gold pieces
 53013 | Orc:2    | Found Wuxkum's Distillery.
 53022 | Orc:2    | Bought a potion of heal wounds for 80 gold pieces
 53022 | Orc:2    | Bought a potion of heal wounds for 80 gold pieces
 53286 | Spider:1 | Entered Level 1 of the Spider Nest
 54111 | Lair:3   | Received a gift from Okawaru
 56805 | Spider:1 | Reached skill level 10 in Dodging
 56894 | Spider:1 | Identified the +10 great sword of Insufficient Pleasure
                  | {holy, rPois Stlth+} (Okawaru gifted it to you on level 1
                  | of the Spider Nest)
 56894 | Spider:1 | Received a gift from Okawaru
 57855 | Spider:2 | Noticed Arachne
 57872 | Spider:1 | Killed Arachne
 59048 | Spider:2 | Noticed Agnes
 59467 | Spider:2 | Killed Agnes
 59868 | Spider:2 | Reached XP level 17. HP: 80/80 MP: 11/32
 60805 | Spider:3 | Reached skill level 14 in Fire Magic
 61021 | Spider:2 | Identified the +0 robe "Wourilawk" {-Cast rC+++} (Okawaru
                  | gifted it to you on level 2 of the Spider Nest)
 61021 | Spider:2 | Received a gift from Okawaru
 61201 | Spider:2 | Blown up by a sun moth

Illustrated notes

Levels and vault maps discovered:
D:1:      dpeg_arrival_solitude, layout_rooms, basic_ecumenical_altar,
          hex_medium
D:2:      minmay_spotlight, layout_loops_ring, uniq_crazy_yiuf_cottage
D:3:      layout_rooms, uniq_natasha, uniq_grinder
D:4:      layout_loops_ring
D:5:      layout_basic, grunt_temple_overflow_open, mainiacjoe_overflow_swirl,
          serial_shops, nicolae_shop_competitors_out_of_business
D:6:      layout_cave_pools, temple_statues, serial_shops,
          nicolae_shop_back_alley_shop, gammafunk_ghost_stat_death,
          minmay_manual_moon
D:7:      layout_basic, kennysheep_okawaru_gauntlet, tso_altar,
          kennysheep_mini_moat, uniq_duvessa, uniq_prince_ribbit1
D:8:      cheibrodos_grave_circle, layout_layer_cave,
          nicolae_overflow_crystal_walls, nrook_pool_corridor, uniq_pikel
D:9:      layout_grid_maze, due_lair_maze_entry_diamond, chequers_jeans,
          uniq_maggie
D:10:     layout_loops_cross, erik_orc_4, serial_demonic, serial_demonic_c,
          serial_demonic_f, serial_demonic_b, serial_demonic_e, uniq_josephine,
          uniq_nergalle
D:11:     layout_loops_ring
D:12:     cheibrodos_helix_gallery, layout_loops_ring, st_stairs_2, uniq_frances
D:13:     layout_loops_cross, uniq_rupert
D:14:     layout_basic, hangedman_vaults_entry_quadrant_bands
Lair:1:   layout_loops_ring, beast_lair_carwin_4, grunt_megastairs_5
Lair:2:   layout_chaotic_city, shoals_dummy_entry
Lair:3:   layout_gridlike, nicolae_spider_entry_orb_guardian,
          hangedman_tree_tricks, serial_bayou_shore_a, grunt_megastairs_4,
          lemuel_fruit_fields, infiniplex_staircase_pool_2
Lair:4:   layout_gridlike
Lair:5:   minmay_lair_end_frog_pond, layout_big_grid,
          nicolae_slime_entry_slimehenge, lightli_volcano_entry_magma_tube
Spider:1: layout_spider_delve
Spider:2: nicolae_spider_mines_3, uniq_arachne, uniq_agnes
Spider:3: layout_spider_delve, uniq_louise
Orc:1:    layout_diamond_mine, uniq_jorgrun
Orc:2:    st_orc_open, layout_diamond_mine, serial_shops, nicolae_shop_stone,
          nicolae_specific_store

Skill      XL: |  1  2  3  4  5  6  7  8  9 10 11 12 13 14 15 16 17 |
---------------+----------------------------------------------------+-----
Transmutations | 1 |  1.0
Earth Magic    | 4 5 6 7 8 |  8.0
Dodging        | 2 3 4 5 6 7 8 9 10 | 10.3
Conjurations   | 1 2 3 4 6 7 8 9 10 11 12 | 12.7
Stealth        | 3 |  3.9
Spellcasting   | 3 4 5 6 7 8 9 10 11 | 11.1
Armour         | 1 2 3 5 6 7 9 10 11 | 11.9
Translocations | 1 3 4 |  4.4
Fire Magic     | 3 6 8 9 11 12 13 14 | 14.0
Invocations    | 2 4 6 |  6.6
Air Magic      | 3 6 7 9 |  9.4

Action                     |  1- 3 |  4- 6 |  7- 9 | 10-12 | 13-15 | 16-18 || total
---------------------------+-------+-------+-------+-------+-------+-------++-------
  Melee: Mace              |    13 |    36 |    13 |    10 |     9 |       ||    81
         Unarmed           |     1 |       |       |       |       |       ||     1
         Staff             |       |       |       |    35 |    16 |       ||    51
         Scimitar          |       |       |       |     5 |       |       ||     5
         Executioner's axe |       |       |       |       |    37 |    48 ||    85
   Cast: Sandblast         |    58 |    60 |    23 |     1 |       |       ||   142
         Magic Dart        |    37 |    76 |    82 |   175 |   390 |    57 ||   817
         Stone Arrow       |       |     1 |    79 |   340 |   766 |    93 ||  1279
         Momentum Strike   |       |     1 |     1 |     1 |       |     1 ||     4
         Passwall          |       |       |       |     2 |     2 |       ||     4
         Blink             |       |       |       |     2 |    13 |     1 ||    16
         Sticky Flame      |       |       |       |       |    32 |     3 ||    35
         Flame Wave        |       |       |       |       |     6 |    26 ||    32
         Plasma Beam       |       |       |       |       |     2 |   117 ||   119
 Invoke: Heroism           |       |       |       |     1 |       |     1 ||     2
  Evoke: Wand              |     1 |     2 |     1 |     8 |     1 |       ||    13
    Use: Scroll            |       |    10 |     2 |     3 |    16 |     1 ||    32
         Potion            |       |     1 |       |     1 |     2 |     1 ||     5
   Stab: Distracted        |       |       |       |     1 |       |       ||     1
 Armour: Robe              |    30 |    60 |    13 |       |       |       ||   103
         Leather armour    |       |       |    40 |   117 |   247 |   164 ||   568
         Scale mail        |       |       |       |       |   112 |    49 ||   161
  Dodge: Dodged            |    37 |    55 |    37 |   142 |   406 |   199 ||   876

Table legend: (Time is in decaauts)
 A = Elapsed time spent in this place.
 B = Non-inter-level travel time spent in this place.
 C = Inter-level travel time spent in this place.
 D = Time resting spent in this place.
 E = Time spent auto-exploring this place.
 F = Levels seen in this place.
 G = Mean time per level.
                   A        B        C        D        E       F      G
               +--------+--------+--------+--------+--------+-----+--------+
         Total |  61583 |  58234 |   3349 |  36475 |  13737 |  24 | 2566.0 |
       Dungeon |  29619 |  27901 |   1718 |  14448 |   9338 |  14 | 2115.6 |
          Lair |  18695 |  17637 |   1058 |  12232 |   3025 |   5 | 3739.0 |
   Spider Nest |   6612 |   6331 |    281 |   5105 |    558 |   3 | 2204.0 |
  Orcish Mines |   6656 |   6365 |    291 |   4690 |    816 |   2 | 3328.0 |
               +--------+--------+--------+--------+--------+-----+--------+

Top non-repeatable levels by time:
  Lair:3: 5602 daAuts
     D:9: 4514 daAuts
  Lair:4: 4427 daAuts
  Lair:1: 4028 daAuts
Spider:1: 4003 daAuts
   Orc:2: 3951 daAuts
    D:10: 2928 daAuts
   Orc:1: 2705 daAuts
    D:14: 2614 daAuts
Spider:2: 2476 daAuts
    D:12: 2454 daAuts
  Lair:5: 2358 daAuts
     D:7: 2321 daAuts
  Lair:2: 2279 daAuts
    D:11: 2265 daAuts
